Match 33987047
Unlisted

Match 33987047
End
Construct Section Command Post
Infantry Section
Infantry Section
Selects Air and Sea Battlegroup
Vickers Machine Gun Team
Infantry Section
Construct Platoon Command Post
Unlock M3 Stuart Light Tanks
Selects Commando Section Paradrop
M3 Stuart Light Tank
Selects M1 Pack Howitzer Paradrop
M1 Pack Howitzer Paradrop
Construct Company Command Post
Commando Section Paradrop
Crusader II Medium Tank
Selects Incendiary Bombing Run
Crusader II Medium Tank
Incendiary Bombing Run
Infantry Section
Infantry Training
Infantry Section
Infantry Section
Royal Engineer Section
Crusader II Medium Tank
Construct Field Infirmary
Incendiary Bombing Run
Selects Supply Surplus
Selects Centaur Medium Tank
Selects Naval Bombardment
Centaur Medium Tank
Matilda II Heavy Tank
Lysol
JVevermore
rooster
Microsoft Office PowerPoint
Microsoft Office Excel
Microsoft Office Word
0
0

Comments sign in to comment!

No comments posted yet!